[ AOE2 MATCH · #505965941 ]
UnrankedVikings vs Mongols
Player's team · WIN
Rival team · LOSS
[ REPLAY ANALYSIS · EXTRACTED FROM THE RECORDED GAME ]
Feudal
—
Castle
—
Imperial
—
| APM avg | 61.8 |
| APM peak | 115 |
| eAPM avg | 20.6 |
| Villagers / military | 32 / 0 |
Focus
⚔️ 42.2% · 🌾 57.8%
Feudal
—
Castle
—
Imperial
—
| APM avg | 0.3 |
| APM peak | 2 |
| eAPM avg | 0.3 |
| Villagers / military | 0 / 0 |
Match map
Initial resources + every placement click. Lines = walls · curves = elevation contours. ◆ gold · ⬟ stone · ● berries · ✦ relic · ◌ wall gap
Your base
LE | Asav's base
Smoothed initial terrain · ◌ = detected wall gap · hover for details
Inputs per minute
— Pirate - - LE | Asav
Build order — Pirate
43 actions detected in the replay
| 0:00 | Queue | Villager (Male) |
| 0:01 | Build | House |
| 0:02 | Queue | Villager (Male) |
| 0:03 | Build | House |
| 0:07 | Queue | Villager (Male) |
| 0:20 | Queue | Villager (Male) |
| 0:20 | Queue | Villager (Male) |
| 0:45 | Build | Lumber Camp |
| 1:29 | Queue | Villager (Male) |
| 1:29 | Queue | Villager (Male) |
| 1:56 | Queue | Villager (Male) |
| 1:56 | Queue | Villager (Male) |
| 2:22 | Queue | Villager (Male) |
| 2:23 | Queue | Villager (Male) |
| 2:53 | Queue | Villager (Male) |
| 2:53 | Queue | Villager (Male) |
| 3:17 | Queue | Villager (Male) |
| 3:18 | Queue | Villager (Male) |
| 3:51 | Build | House |
| 4:12 | Queue | Villager (Male) |
| 4:12 | Queue | Villager (Male) |
| 4:12 | Queue | Villager (Male) |
| 4:21 | Build | House |
| 4:52 | Build | Barracks |
| 4:58 | Queue | Villager (Male) |
| 4:58 | Queue | Villager (Male) |
| 5:30 | Queue | Villager (Male) |
| 5:31 | Queue | Villager (Male) |
| 5:41 | Queue | Villager (Male) |
| 5:41 | Queue | Villager (Male) |
| 6:40 | Queue | Villager (Male) |
| 6:41 | Queue | Villager (Male) |
| 6:41 | Queue | Villager (Male) |
| 7:40 | Research | Loom |
| 7:43 | Queue | Villager (Male) |
| 7:56 | Build | Mill |
| 8:29 | Queue | Villager (Male) |
| 8:54 | Queue | Villager (Male) |
| 9:00 | Build | Town Center |
| 9:26 | Build | House |
| 9:27 | Build | House |
| 9:54 | Queue | Villager (Male) |
| 9:54 | Queue | Villager (Male) |
Build order — LE | Asav
0 actions detected in the replay
Match timeline
| 4:52 | Pirate · first_building Barracks |
| 10:02 | LE | Asav · resign |
[ AI ANALYSIS · 1 CREDIT ]
What really happened in this match?
Wolo.gg analyzes every decision: build order, eco, micro, common mistakes by bracket. Personalized analysis on WhatsApp or Discord in 30 seconds.
Civ guide
Vikings
Perfil
Jugador #1314256